 Dungeon Crawl Stone Soup version 0.27-a0-385-g3208abaabc (console) character file.

Game seed: 4281225781203789551

(classic levelgen) 331 Duffy the Insei (level 6, 0/38 HPs)
             Began as an Octopode Transmuter on Feb 19, 2021.
             Slain by a howler monkey (6 damage)
             ... on level 5 of the Dungeon.
             The game lasted 00:03:52 (4369 turns).

Duffy the Insei (Octopode Transmuter)               Turns: 4369, Time: 00:03:53

Health: 0/38       AC:  2    Str:  9    XL:     6   Next: 51%
Magic:  7/10       EV: 19    Int: 18    God:
Gold:   108        SH:  0    Dex: 17    Spells: 5/11 levels left

rFire    . . .     SeeInvis .     - Unarmed
rCold    . . .     Faith    .   (shield currently unavailable)
rNeg     . . .     Spirit   .   (helmet currently unavailable)
rPois    x         Reflect  .   (no amulet)
rElec    .         Harm     .   (no ring)
rCorr    .         Rampage  .   (no ring)
Will     .....                  (no ring)
Stlth    ++........             (no ring)
HPRegen  0.12/turn              (no ring)
MPRegen  0.12/turn              (no ring)
                                (no ring)
                                (no ring)

@: spider-form
A: tiny, almost no armour, stealthy swim, (amphibious), 8 rings, (constrict 8)
a: End Transformation


You were on level 5 of the Dungeon.
You were a venomous arachnid creature.
You visited 1 branch of the dungeon, and saw 5 of its levels.

You collected 108 gold pieces.

Inventory:

Scrolls
 a - 2 scrolls of teleportation {unknown}
 b - 3 scrolls of identify {unknown}
 e - a scroll of blinking {unknown}
 f - a scroll of fear {unknown}
 h - a scroll of amnesia {unknown}
 i - 2 scrolls of fog {unknown}
 l - a scroll of brand weapon {unknown}
 m - a scroll of magic mapping {unknown}
 n - a scroll of random uselessness {unknown}
Potions
 c - 2 potions of invisibility {unknown}
 d - a potion of lignification {unknown}
 g - a potion of attraction {unknown}
 j - a potion of flight {unknown}
 k - a potion of haste {unknown}


   Skills:
 - Level 1.0 Fighting
 - Level 2.0 Dodging
 * Level 4.9 Unarmed Combat
 + Level 3.1 Spellcasting
 * Level 4.2 Transmutations
 - Level 2.0 Poison Magic


You had 5 spell levels left.
You knew the following spells:

 Your Spells              Type           Power        Failure   Level
h - Beastly Appendage     Tmut           36%          10%         1
j - Wereblood             Tmut           18%          13%         2
k - Spider Form           Tmut/Pois      7%           32%         3

Your spell library contained the following spells:

 Spells                   Type           Power        Failure   Level
 Ice Form                 Ice/Tmut       10%          77%         4
 Blade Hands              Tmut           9%           80%         5


Dungeon Overview and Level Annotations

Branches:
Dungeon (5/15)
 Temple: D:4-7

Altars:
Dithmenos
Fedhas
Vehumet

Annotations:
D:4 exclusions: 2 orcs and orc wizard, Ijyb
D:5 1 exclusion, Eustachio


Innate Abilities, Weirdness & Mutations

You cannot wear most types of armour.
You are very stealthy in the water. (Stealth+)
((You are amphibious.))
You can wear up to eight rings at the same time.
((You can use your tentacles to constrict eight enemies at once.))
((Your skin changes colour to match your surroundings (Stealth+).))
((Your rubbery body absorbs attacks. (AC +1, EV +1)))


Message History

The howler monkey howls!
You hear a bark!
You hear a shout!
The giant cockroach bites you but does no damage.
An ufetubus comes into view.
The howler monkey hoots and howls with incredible vigour!
A centaur comes into view.
You hear a shout!
You barely miss the giant cockroach.
The ufetubus shouts!
The centaur shouts!
You grab the giant cockroach. You constrict the giant cockroach.
The giant cockroach bites you but does no damage.
You tentacle-slap the giant cockroach.
You kill the giant cockroach!
The centaur wields a +0 shortbow.
The centaur shoots an arrow.
The arrow hits you!
Found 12 gold pieces.
You see here a giant cockroach corpse.
The centaur shoots an arrow.
The arrow misses you.
Okay, then.
Cast which spell? (? or * to list)
The spell is quite dangerous to cast (14% risk of failure)!
Continue anyway?
You turn into a venomous arachnid creature.
The ufetubus closely misses you. The ufetubus completely misses you.
You hit the ufetubus.
The ufetubus is poisoned.
The ufetubus is severely wounded.
The ufetubus misses you.
The ufetubus hits you but does no damage. x2
The ufetubus barely misses you.
You barely miss the ufetubus.
The ufetubus is severely wounded.
The ufetubus completely misses you. The ufetubus hits you.
* * * LOW HITPOINT WARNING * * *
You hit the ufetubus.
You kill the ufetubus!
The centaur shoots an arrow.
The arrow hits you!
* * * LOW HITPOINT WARNING * * *
A lemure comes into view.
You hit the howler monkey.
The howler monkey is poisoned.
The howler monkey is lightly wounded.
The howler monkey hits you.
You die...

##.###..# #............#
#....#..### ##.........#..#
#.........# #.............#
#.........# #.##.#####.........
#......>..####.##....#####......
#...........................#.##
####..####.###.##.#.##..#####.#
#..####.###.##.#.# ## #
#..........s.....#
#..##.###.##h#.#.# .......c..#..
.#.##.#.#.# ## ........#...
..#.#. ... #.# #.# ...$.# ..5 .#
.... ##. #. .#.##


You could see a lemure, a centaur and a howler monkey (very poisoned).

Vanquished Creatures
  A hound (D:4)
  Jessica (D:2)
  5 worker ants
  4 adders
  3 river rats (D:5)
  An ufetubus (D:5)
  2 oozes
  An adder zombie (D:5)
  A worm (D:5)
  3 dart slugs
  4 leopard geckos
  4 giant cockroaches
  5 goblins
  6 hobgoblins
  7 jackals
  3 quokkas (D:5)
  2 ball pythons
  4 bats
  4 frilled lizards
  A giant cockroach zombie (D:5)
  A jackal skeleton (D:4)
  4 kobolds
  A quokka skeleton (D:5)
  6 rats (D:5)
74 creatures vanquished.

Notes
Turn   | Place    | Note
-------+----------+-------------------------------------------
     0 | D:1      | Duffy the Octopode Transmuter began the quest for the Orb.
     0 | D:1      | Reached XP level 1. HP: 13/13 MP: 3/3
    48 | D:1      | Reached XP level 2. HP: 18/18 MP: 5/5
  1194 | D:2      | Reached XP level 3. HP: 22/23 MP: 6/6
  1418 | D:2      | Noticed Jessica
  1429 | D:2      | Killed Jessica
  1430 | D:2      | Reached XP level 4. HP: 12/28 MP: 5/7
  1538 | D:1      | Learned a level 2 spell: Wereblood
  1542 | D:1      | Learned a level 3 spell: Spider Form
  2459 | D:4      | Found a shadowy altar of Dithmenos.
  2459 | D:4      | Found a radiant altar of Vehumet.
  2602 | D:4      | Reached skill level 1 in Poison Magic
  2602 | D:4      | Reached XP level 5. HP: 31/33 MP: 4/9
  2785 | D:4      | HP: 1/33 [poisoned by a worker ant]
  3474 | D:4      | Noticed Ijyb
  3525 | D:5      | Entered Level 5 of the Dungeon
  3718 | D:5      | Reached XP level 6. HP: 33/38 MP: 6/10
  3972 | D:5      | Found a blossoming altar of Fedhas.
  4052 | D:5      | Noticed Eustachio
  4286 | D:5      | Noticed a sky beast
  4369 | D:5      | Slain by a howler monkey

Illustrated notes

Levels and vault maps discovered:
D:1:      grunt_arrival_lava_bath, layout_basic
D:2:      layout_loops_ring, uniq_jessica
D:3:      layout_rooms, chequers_temple_overflow_statue_of_worship, minitemple,
          gammafunk_ghost_nasty_kobolds, serial_curves, eino_curves_01,
          eino_curves_01, uniq_terence
D:4:      layout_basic, amethyst_overflow_temple_binary,
          gammafunk_ghost_stat_death, uniq_ijyb
D:5:      lemuel_ratsnest, layout_basic, basic_altar, hangedman_decor_growths,
          minmay_diced_spiral, uniq_eustachio, uniq_crazy_yiuf_cottage,
          uniq_pikel

Skill      XL: |  1  2  3  4  5  6 |
---------------+-------------------+-----
Transmutations | 3 4 |  4.2
Unarmed Combat | 4 |  4.9
Poison Magic   | 1 2 |  2.0
Spellcasting   | 3 |  3.1
Fighting       | |  1.0
Dodging        | |  2.0

Action                   |  1- 3 |  4- 6 || total
-------------------------+-------+-------++-------
Melee: Unarmed           |    68 |   133 ||   201
       Constrict         |    22 |    29 ||    51
       Tentacles         |    10 |    15 ||    25
       Kick              |     6 |    12 ||    18
       Punch             |     2 |     6 ||     8
 Cast: Beastly Appendage |     3 |    12 ||    15
       Spider Form       |       |     6 ||     6
 Stab: Sleeping          |     1 |     6 ||     7
Armor: Skin              |     7 |    18 ||    25
Dodge: Dodged            |    43 |    86 ||   129

Table legend: (Time is in decaauts)
 A = Elapsed time spent in this place.
 B = Non-inter-level travel time spent in this place.
 C = Inter-level travel time spent in this place.
 D = Time resting spent in this place.
 E = Time spent auto-exploring this place.
 F = Levels seen in this place.
 G = Mean time per level.
                   A        B        C        D        E       F      G
               +--------+--------+--------+--------+--------+-----+--------+
         Total |   4354 |   4266 |     88 |    575 |   3120 |   5 |  870.8 |
       Dungeon |   4354 |   4266 |     88 |    575 |   3120 |   5 |  870.8 |
               +--------+--------+--------+--------+--------+-----+--------+

Top non-repeatable levels by time:
     D:1: 1246 daAuts
     D:2: 1098 daAuts
     D:4: 1080 daAuts
     D:5: 834 daAuts
     D:3: 93 daAuts
